[Event "23rd ETCC Women 2021"]
[Site "Catez"]
[Date "2021.11.14"]
[Round "3.47"]
[White "Levitan, Ronit"]
[Black "Johannsdottir, Johanna Bjorg"]
[Result "1/2-1/2"]
[ECO "B22"]
[WhiteElo "2068"]
[BlackElo "1952"]
[Annotator "NA"]
[PlyCount "202"]
[EventDate "2021.11.08"]
[EventType "team-tourn"]
[EventCountry "SLO"]
[SourceTitle "playchess.com"]
[Source "ChessBase"]
[SourceQuality "1"]
[WhiteTeam "Israel"]
[BlackTeam "Iceland"]
[WhiteTeamCountry "ISR"]
[BlackTeamCountry "ISL"]
[TimeControl "40/5400+30:1800+30"]

1. e4 c5 2. c3 Nf6 3. e5 Nd5 4. d4 cxd4 5. cxd4 d6 6. Nf3 Nc6 7. Bc4 dxe5 8.
dxe5 Ndb4 9. O-O Qxd1 10. Rxd1 Bg4 11. Nc3 Bxf3 12. gxf3 Nxe5 13. Bb3 a6 14. f4 Nf3+ 15. Kh1 e6 16. f5 e5 17. Nd5 Nxd5 18. Bxd5 Nd4 19. Bxb7 Ra7 20. Be4 Bc5 21. Be3 O-O 22. Rac1 Bb6 23. f6 Rd8 24. fxg7 f6 25. Bh6 Rad7 26. Kg2 Rxg7+ 27. Bxg7 Kxg7 28. b4 f5 29. Bb7 Rd6 30. Rd3 e4 31. Rg3+ Kf7 32. Rc8 Ne2 33. Rgg8 Nf4+ 34. Kg3 Ng6 35. Bxa6 Bxf2+ 36. Kxf2 Rxa6 37. Ra8 Re6 38. h4 e3+ 39. Ke1 h5 40. b5 Re4 41. Rgc8 Nxh4 42. Ra6 Nf3+ 43. Ke2 Nd4+ 44. Kd3 Ne6 45. Ke2 Nd4+ 46. Kd3 Nxb5 47. Rb8 Nc7 48. Rb7 Re7 49. Rh6 Ke8 50. Rxh5 e2 51. Rh1 f4 52. Kd2 Kd7 53. Ke1 f3 54. Kf2 Kc6 55. Rb3 Nd5 56. Rxf3 Nb4 57. a3 Nd5 58. Re1 Ra7 59. Rxe2 Kb5 60. Re4 Ra5 61. Rf5 Kc5 62. Ke2 Rxa3 63. Ree5 Ra2+ 64. Kd3 Ra3+ 65. Kc2 Ra2+ 66. Kb1 Rd2 67. Kc1 Rd4 68. Re8 Kb4 69. Rb8+ Kc4 70. Rc8+ Kb4 71. Rf7 Kb3 72. Rb7+ Nb4 73. Rc2 Ka4 74. Rd2 Rh4 75. Kb2 Rh3 76. Rd4 Rh2+ 77. Kc1 Rh1+ $14 78. Kd2 Rh2+ 79. Ke3 Rh3+ 80. Ke4 Rh4+ 81. Ke5 Rh5+ 82. Kd6 Rh6+ 83. Kc7 Rh7+ 84. Kb8 Rxb7+ 85. Kxb7 Kb5 86. Rh4 Kc5 87. Kc7 Nd5+ 88. Kd7 Nb6+ 89. Ke6 Nc4 90. Rh1 Kd4 91. Rh5 Nb6 92. Re5 Kc4 93. Kd6 Kd4 94. Rb5 Nc4+ 95. Ke6 Ke4 96. Rd5 Ne3 97. Rh5 Ng2 98. Ra5 Ne3 99. Ra4+ Kd3 100. Ke5 Nc4+ 101. Kf5 Kd4 1/2-1/2

[Event "23rd ETCC Women 2021"]
[Site "Catez"]
[Date "2021.11.14"]
[Round "3.48"]
[White "Hauksdottir, Hrund"]
[Black "Katkov, Michelle"]
[Result "0-1"]
[ECO "C54"]
[WhiteElo "1731"]
[BlackElo "2059"]
[Annotator "ChessBase"]
[PlyCount "194"]
[EventDate "2021.11.08"]
[EventType "team-tourn"]
[EventCountry "SLO"]
[SourceTitle "playchess.com"]
[Source "ChessBase"]
[SourceQuality "1"]
[WhiteTeam "Iceland"]
[BlackTeam "Israel"]
[WhiteTeamCountry "ISL"]
[BlackTeamCountry "ISR"]
[TimeControl "40/5400+30:1800+30"]

1. e4 e5 2. Nf3 Nc6 3. Bc4 Bc5 4. c3 Nf6 5. d3 O-O 6. O-O d6 7. Re1 a5 8. h3 Ne7 9. Nbd2 Ba7 10. Nf1 Ng6 11. a4 Be6 12. Bxe6 fxe6 13. Ng3 Qe8 14. d4 exd4 15. Nxd4 Nd7 16. Be3 Qf7 17. Qc2 Nge5 18. b3 Qg6 19. Rad1 Bxd4 20. cxd4 Nc6 21. Qe2 Nf6 22. Qb5 Rab8 23. d5 exd5 24. exd5 Ne5 25. Qxa5 Nh5 26. Nxh5 Nf3+ 27. Kf1 Nxe1 28. Nf4 Rxf4 29. Bxf4 Nxg2 30. Qxc7 Rf8 31. Bxd6 Ne3+ 32. Ke2 Qh5+ 33. Kxe3 Qxd1 34. Bxf8 Qxb3+ 35. Ke2 Qb2+ 36.
Ke1 Qb1+ 37. Kd2 Qa2+ 38. Kc3 Qa1+ 39. Kd3 Qd1+ 40. Ke3 Qb3+ 41. Kd2 Qxd5+ 42. Ke2 Kxf8 43. Qf4+ Kg8 44. h4 g6 45. Ke3 Qb3+ 46. Kd2 Qb2+ 47. Kd3 Qa3+ 48. Kc2 Qe7 49. Kc3 Kg7 50. Kc4 Qe6+ 51. Kc5 Qc6+ 52. Kb4 Qb6+ 53. Kc4 h5 54. Kd3 Qb3+ 55. Ke2 Qe6+ 56. Kf3 Qb3+ 57. Kg2 Qd5+ 58. Kh2 Qd7 59. Kg2 Qc6+ 60. Kh2 Qd5 61. Kg3 Qd8 62. Kg2 Qe7 63. Kg3 Kg8 64. Kg2 Kh7 65. Kg3 Qg7 66. Kh3 b6 67. Kg3 Qb7 68. Qe5 Qc6 69. Qf4 Kg7 70. Qe5+ Kf7 71. Qf4+ Ke7 72. Qe5+ Kd8 73. Qh8+ Kc7 74. Qe5+ Kb7 75. Qd4 Ka6 76. Qb4 Qc5 77. Qd2 Qe5+ 78. Kh3 Qf5+ 79. Kh2 Qe4 80. f4 Qxa4 81. Qd3+ Ka5 82. Qxg6 Qxf4+ 83. Kh3 Qf3+ 84. Kh2 b5 85. Qc2 Qf4+ 86. Kh3 Qg4+ 87. Kh2 Qxh4+ 88. Kg2 Qg4+ 89. Kh2 Qf4+ 90. Kg2 Qg5+ 91. Kh2 Qe5+ 92. Kg2 b4 93. Qa2+ Kb5 94. Qc2 Qd5+ 95. Kg3 b3 96. Qc3 h4+ 97. Kxh4 Qc4+ 0-1

[Event "23rd ETCC Women 2021"]
[Site "Catez"]
[Date "2021.11.14"]
[Round "3.49"]
[White "Hrescak, Ivana"]
[Black "Stojkovska, Monika"]
[Result "0-1"]
[ECO "E46"]
[WhiteElo "2138"]
[BlackElo "2066"]
[Annotator "NA"]
[PlyCount "78"]
[EventDate "2021.11.08"]
[EventType "team-tourn"]
[EventCountry "SLO"]
[SourceTitle "playchess.com"]
[Source "ChessBase"]
[SourceQuality "1"]
[WhiteTeam "Slovenia"]
[BlackTeam "Macedonia"]
[WhiteTeamCountry "SLO"]
[BlackTeamCountry "MKD"]
[TimeControl "40/5400+30:1800+30"]

1. d4 e6 2. c4 Nf6 3. Nc3 Bb4 4. e3 O-O 5. Nge2 d5 6. a3 Be7 7. cxd5 exd5 8.
Nf4 c6 9. Bd3 Re8 10. O-O Nbd7 11. Bc2 Bd6 12. f3 b6 13. e4 Ba6 14. Rf2 dxe4 15. fxe4 c5 16. e5 Nxe5 17. dxe5 Bxe5 18. Bd2 Bd4 19. Be1 Qc7 20. Nfd5 Nxd5 21. Nxd5 Qe5 22. Nc3 Rad8 23. Qb1 g6 24. Ne4 Bb7 25. Bc3 Bxe4 26. Bxd4 Qxd4 27. Bxe4 Rxe4 28. Qf1 Rf4 29. Rb1 Rd6 30. Re1 Rdf6 31. Ree2 Rxf2 32. Rxf2 Kf8 33. g3 Rxf2 34. Qxf2 Qxf2+ 35. Kxf2 Ke7 36. Ke3 Kd6 37. Ke4 b5 38. g4 f6 39. h4 Ke6 0-1

[Event "23rd ETCC Women 2021"]
[Site "Catez"]
[Date "2021.11.14"]
[Round "3.50"]
[White "Bejatovic, Bojana"]
[Black "Kolaric, Spela"]
[Result "0-1"]
[ECO "C55"]
[WhiteElo "2031"]
[BlackElo "2178"]
[Annotator "NA"]
[PlyCount "80"]
[EventDate "2021.11.08"]
[EventType "team-tourn"]
[EventCountry "SLO"]
[SourceTitle "playchess.com"]
[Source "ChessBase"]
[SourceQuality "1"]
[WhiteTeam "Macedonia"]
[BlackTeam "Slovenia"]
[WhiteTeamCountry "MKD"]
[BlackTeamCountry "SLO"]
[TimeControl "40/5400+30:1800+30"]

1. e4 e5 2. Nf3 Nc6 3. Bc4 Nf6 4. d3 Bc5 5. c3 O-O 6. h3 d5 7. exd5 Nxd5 8. O-O Nb6 9. Bb5 Bd6 10. Nbd2 Ne7 11. Nc4 c6 12. Nxb6 axb6 13. Bc4 b5 14. Bb3 Qc7 15. Qe2 Bf5 16. Nh4 Bd7 17. Qe4 Rae8 18. Bg5 Kh8 19. Qf3 f6 20. Bd2 g5 21. Qh5 gxh4 22. Bh6 Ng6 23.
Bxf8 Rxf8 24. Rae1 Bc8 25. Kh1 Qg7 26. Rg1 Qd7 27. Re3 Kg7 28.
d4 Qf5 29. Qe2 Nf4 30. Qd1 Kh8 31. Bc2 Qg5 32. Bb3 Bf5 33. g4 Bc8 34. Qf3 c5 35. dxc5 Bxc5 36. Ree1 b6 37. Kh2 Qg7 38. Ref1 Bb7 39. Qd1 Qe7 40. Bc2 e4 0-1

[Event "23rd ETCC Women 2021"]
[Site "Catez"]
[Date "2021.11.14"]
[Round "3.51"]
[White "Ruzic, Pia Marie"]
[Black "Trajkovska, Sanja"]
[Result "0-1"]
[ECO "A34"]
[WhiteElo "2049"]
[BlackElo "1960"]
[Annotator "NA"]
[PlyCount "98"]
[EventDate "2021.11.08"]
[EventType "team-tourn"]
[EventCountry "SLO"]
[SourceTitle "playchess.com"]
[Source "ChessBase"]
[SourceQuality "1"]
[WhiteTeam "Slovenia"]
[BlackTeam "Macedonia"]
[WhiteTeamCountry "SLO"]
[BlackTeamCountry "MKD"]
[TimeControl "40/5400+30:1800+30"]

1. c4 c5 2. Nc3 Nc6 3. Nf3 e5 4. e3 Nf6 5. d4 cxd4 6. exd4 e4 7. Ne5 Bb4 8. Nxc6 bxc6 9. Be2 O-O 10. O-O Bxc3 11. bxc3 Qa5 12. Qc2 Ba6 13. Bf4 d5 14. Bg5 Nd7 15. Be7 Rfe8 16. Bb4 Qc7 17. cxd5 Bxe2 18. d6 Qb6 19. Qxe2 c5 20. dxc5 Nxc5 21. Rfd1 Nd3 22. Rab1 Qc6 23. Qg4 Re6 24. Rxd3 exd3 25. Qd4 a5 26. Ba3 Qe4 27. Qxe4 Rxe4 28. f3 Re2 29. Rd1 d2 30. Kf1 Re1+ 31. Rxe1 dxe1=Q+ 32. Kxe1 f5 33. Kd2 Kf7 34. Kd3 Ke6 35. Kd4 Rb8 36. c4 Rb1 37. Kc5 Kd7 38. Kd5 Rd1+ 39. Ke5 g6 40. Bc5 Kc6 41. Ba3 Rd2 42. Bc1 Rxd6 43. a3 Rd1 44. Bg5 Kc5 45. g4 fxg4 46. fxg4 Kxc4 47. Be7 Re1+ 48. Kf6 Rxe7 49. Kxe7 Kb3 0-1

[Event "23rd ETCC Women 2021"]
[Site "Catez"]
[Date "2021.11.14"]
[Round "3.52"]
[White "Manova, Ivana"]
[Black "Mihelic, Vesna"]
[Result "1-0"]
[ECO "C47"]
[WhiteElo "1809"]
[BlackElo "1912"]
[Annotator "ChessBase"]
[PlyCount "122"]
[EventDate "2021.11.08"]
[EventType "team-tourn"]
[EventCountry "SLO"]
[SourceTitle "playchess.com"]
[Source "ChessBase"]
[SourceQuality "1"]
[WhiteTeam "Macedonia"]
[BlackTeam "Slovenia"]
[WhiteTeamCountry "MKD"]
[BlackTeamCountry "SLO"]
[TimeControl "40/5400+30:1800+30"]

1. e4 e5 2. Nf3 Nc6 3. Nc3 Nf6 4. d4 exd4 5. Nxd4 Bb4 6.
Nxc6 bxc6 7. Bd3 d5 8. Bd2 O-O 9. O-O Bd6 10. h3 Rb8 11.
Rb1 Re8 12. Re1 h6 13. Qf3 Be5 14. b3 d4 15. Na4 Be6 16. Nb2 c5 17. a4 c6 18. Bc4 Nd7 19. Qh5 Qf6 20. Bxe6 Rxe6 21. Qg4 Bc7 22. f4 Qe7 23. e5 Kh8 24. a5 Re8 25. Nc4 g6 26. Re2 h5 27. Qg3 f5 28.
Qf3 Qf7 29. Rbe1 Rg8 30. g4 Kh7 31. Kf2 Qe7 32. Qg3 Qf7 33.
g5 Rge8 34. Kg2 Nb8 35. Nb2 Qd7 36. Qf3 Qd5 37. Nd3 Nd7 38.
Nb2 Rb8 39. Kf2 Kg7 40. Kg3 Kf7 41. Qd3 Rb5 42. Nc4 Nf8 43.
Na3 Rb8 44. Qa6 Ra8 45. Qb7 Qd8 46. Nc4 Ke7 47. Nd6 Kd7 48.
b4 cxb4 49. Qxb4 Bxd6 50. Qxd4 Kc7 51. exd6+ Qxd6 52. Qg7+ Qd7 53. Rxe6 Qxg7 54. Re7+ Qxe7 55. Rxe7+ Kd6 56.
Rg7 a6 57. Bc3 Re8 58. Be5+ Kc5 59. Rg8 Rd8 60. Bf6 Rb8 61. Rxf8 Kd5 1-0

[Event "23rd ETCC Women 2021"]
[Site "Catez"]
[Date "2021.11.14"]
[Round "3.53"]
[White "Unuk, Laura"]
[Black "Toma, Katarzyna"]
[Result "1-0"]
[ECO "A26"]
[WhiteElo "2353"]
[BlackElo "2261"]
[Annotator "NA"]
[PlyCount "71"]
[EventDate "2021.11.08"]
[EventType "team-tourn"]
[EventCountry "SLO"]
[SourceTitle "playchess.com"]
[Source "ChessBase"]
[SourceQuality "1"]
[WhiteTeam "Slovenia"]
[BlackTeam "England"]
[WhiteTeamCountry "SLO"]
[BlackTeamCountry "ENG"]
[TimeControl "40/5400+30:1800+30"]

1. c4 e5 2. Nc3 d6 3. e4 Nc6 4. d3 g6 5. g3 Bg7 6. Bg2 Nd4 7. b4 Ne7 8. Nce2 c5 9. Nxd4 cxd4 10. h4 h6 11. h5 Be6 12. Bh3 Qd7 13. Bxe6 Qxe6 14. Bd2 f5 15. Qe2 g5 16. f4 g4 17. Rh4 exf4 18. exf5 Qxe2+ 19. Nxe2 Nxf5 20. Rxg4 f3 21. Nf4 O-O 22. Kf2 Rae8 23. Rg6 Re5 24. Re1 Rfe8 25. Rxe5 Rxe5 26. Kxf3 Kf7 27. a4 b6 28. Kf2 Bf8 29. Nd5 Ne3 30. Rf6+ Kg7 31. Rg6+ Kf7 32. g4 Nd1+ 33. Kf3 Nb2 34. Rf6+ Kg8 35. Nf4 Kh7 36. Rxf8 1-0

[Event "23rd ETCC Women 2021"]
[Site "Catez"]
[Date "2021.11.15"]
[Round "3.54"]
[White "Head, Louise"]
[Black "Urh, Zala"]
[Result "0-1"]
[ECO "E10"]
[WhiteElo "2069"]
[BlackElo "2332"]
[Annotator "ChessBase"]
[PlyCount "90"]
[EventDate "2021.11.08"]
[EventType "team-tourn"]
[EventCountry "SLO"]
[SourceTitle "playchess.com"]
[Source "ChessBase"]
[SourceQuality "1"]
[WhiteTeam "England"]
[BlackTeam "Slovenia"]
[WhiteTeamCountry "ENG"]
[BlackTeamCountry "SLO"]
[TimeControl "40/5400+30:1800+30"]

1. d4 Nf6 2. c4 e6 3. Nf3 c5 4. d5 b5 5. Bg5 exd5 6. cxd5 h6 7. Bxf6 Qxf6 8.
Qc2 c4 9. e4 Bb4+ 10. Nc3 O-O 11. Be2 a5 12. O-O Ba6 13. Rad1 d6 14. Nd4 Bxc3 15. bxc3 Nd7 16. f4 Rfe8 17. Nc6 Qg6 18. Bf3 Nc5 19. Nxa5 Nxe4 20. Nc6 Nc5 21. f5 Qg5 22. Nd4 Na4 23. Rde1 Re3 24. h4 Qe7 25. f6 Qe5 26. Qd2 Rxe1 27. Rxe1 Qxf6 28. g3 Nc5 29. Bd1 Nd3 30. Re3 b4 31. Rf3 Qe5 32. Nc6 Qxc3 33. Qxc3 bxc3 34. Re3 Bb5 35. Bc2 Rxa2 36. Re2 Ra1+ 37. Kh2 g6 38. Nd4 Bd7 39. Re3 Ra2 40. Kg1 Ra1+ 41. Kh2 Re1 42. Re2 Rxe2+ 43. Nxe2 Nb4 44. Be4 c2 45. Nc1 f5 0-1

[Event "23rd ETCC Women 2021"]
[Site "Catez"]
[Date "2021.11.15"]
[Round "3.55"]
[White "Janzelj, Lara"]
[Black "Emelianova, Maria"]
[Result "1/2-1/2"]
[ECO "E73"]
[WhiteElo "2150"]
[BlackElo "2113"]
[Annotator "ChessBase"]
[PlyCount "61"]
[EventDate "2021.11.08"]
[EventType "team-tourn"]
[EventCountry "SLO"]
[SourceTitle "playchess.com"]
[Source "ChessBase"]
[SourceQuality "1"]
[WhiteTeam "Slovenia"]
[BlackTeam "England"]
[WhiteTeamCountry "SLO"]
[BlackTeamCountry "ENG"]
[TimeControl "40/5400+30:1800+30"]

1. d4 Nf6 2. c4 g6 3. Nc3 Bg7 4. e4 d6 5. Be2 O-O 6. Be3 e5 7. d5 Na6 8. g4 Nc5 9. f3 h5 10. h3 a5 11. Qd2 Bd7 12. Bg5 Qe8 13. O-O-O a4 14. h4 hxg4 15. Bxf6 gxf3 16. Bxg7 fxe2 17. Ngxe2 Kxg7 18. h5 Rh8 19. Rdg1 Qe7 20. Qe3 Rag8 21. Ng3 Kf8 22. h6 Bg4 23. Rf1 Ke8 24. Rh2 Rf8 25. Rhf2 Qh4 26. Rh1 Qe7 27. Rhf1 Qh4 28. Rh1 Qe7 29. Rhf1 Qh4 30. Rh1 Qe7 31. Rhf1 1/2-1/2

[Event "23rd ETCC Women 2021"]
[Site "Catez"]
[Date "2021.11.15"]
[Round "3.56"]
[White "Varney, Zoe"]
[Black "Rozman, Monika"]
[Result "0-1"]
[ECO "C54"]
[WhiteElo "1955"]
[BlackElo "2112"]
[Annotator "ChessBase"]
[PlyCount "86"]
[EventDate "2021.11.08"]
[EventType "team-tourn"]
[EventCountry "SLO"]
[SourceTitle "playchess.com"]
[Source "ChessBase"]
[SourceQuality "1"]
[WhiteTeam "England"]
[BlackTeam "Slovenia"]
[WhiteTeamCountry "ENG"]
[BlackTeamCountry "SLO"]
[TimeControl "40/5400+30:1800+30"]

1. e4 e5 2. Nf3 Nc6 3. Bc4 Bc5 4. c3 Nf6 5. d4 exd4 6. e5 d5 7. Be2 Ne4 8. cxd4 Bb6 9. Nc3 O-O 10. O-O Be6 11. Be3 h6 12. Na4 Qd7 13.
Nh4 Qe7 14. g3 Bh3 15. Ng2 Rfe8 16. f3 Ng5 17. f4 Ne4 18. f5 Qb4 19. a3 Qe7 20. Nxb6 axb6 21. Bh5 Red8 22. f6 gxf6 23. Bxh6 Nxe5 24. dxe5 Qxe5 25. Bf4 Qxb2 26. Bxf7+ Kf8 27. Bh6+ Ke7 28.
Nh4 Kxf7 29. Qh5+ Ke6 30. Rae1 Rxa3 31. Re2 Qd4+ 32. Kh1 Qe5 33. Qxe5+ fxe5 34. Rfe1 b5 35. Bc1 Rb3 36. Kg1 c5 37. Ng2 Bxg2 38. Kxg2 c4 39. Be3 Ra8 40. g4 c3 41. h4 b4 42. g5 Rba3 43.
h5 b3 0-1

[Event "23rd ETCC Women 2021"]
[Site "Catez"]
[Date "2021.11.15"]
[Round "3.57"]
[White "Cvitan, Ena"]
[Black "Novkovic, Julia"]
[Result "1/2-1/2"]
[ECO "D20"]
[WhiteElo "2234"]
[BlackElo "2082"]
[Annotator "ChessBase"]
[PlyCount "93"]
[EventDate "2021.11.08"]
[EventType "team-tourn"]
[EventCountry "SLO"]
[SourceTitle "playchess.com"]
[Source "ChessBase"]
[SourceQuality "1"]
[WhiteTeam "Croatia"]
[BlackTeam "Austria"]
[WhiteTeamCountry "CRO"]
[BlackTeamCountry "AUT"]
[TimeControl "40/5400+30:1800+30"]

1. d4 d5 2. c4 dxc4 3. e3 e5 4. Bxc4 exd4 5. exd4 Bd6 6. Nf3 Nf6 7. Qe2+ Qe7 8. Qxe7+ Bxe7 9. O-O O-O 10. Nc3 Nbd7 11. Re1 Bd6 12. Bb3 h6 13. Be3 Nb6 14. Nb5 Nfd5 15. Bd2 a5 16. a4 Bd7 17. Ne5 Bxb5 18. axb5 a4 19. Ba2 Bb4 20. Bxd5 Bxd2 21. Bxb7 Bxe1 22. Bxa8 Rxa8 23. Rxe1 Ra5 24. g3 Rxb5 25. Re2 f6 26. Nc6 Nc4 27. Rc2 Nxb2 28. Ne7+ Kf8 29. Rxc7 a3 30. Ng6+ Ke8 31. Ra7 Nc4 32. Ra4 Ra5 33. Rxc4 a2 34. Rc1 a1=Q 35. Rxa1 Rxa1+ 36. Kg2 Rd1 37. h4 Rxd4 38. h5 Kf7 39. f3 Ra4 40. Kh3 Ke6 41. Nh4 Ra1 42. g4 Ra5 43.
Kg3 Rg5 44. Kf4 Ra5 45. Kg3 Ke5 46. Ng6+ Ke6 47. Nh4 1/2-1/2

[Event "23rd ETCC Women 2021"]
[Site "Catez"]
[Date "2021.11.15"]
[Round "3.58"]
[White "Hapala, Elisabeth"]
[Black "Berke, Ana"]
[Result "0-1"]
[ECO "B78"]
[WhiteElo "2139"]
[BlackElo "2135"]
[Annotator "ChessBase"]
[PlyCount "110"]
[EventDate "2021.11.08"]
[EventType "team-tourn"]
[EventCountry "SLO"]
[SourceTitle "playchess.com"]
[Source "ChessBase"]
[SourceQuality "1"]
[WhiteTeam "Austria"]
[BlackTeam "Croatia"]
[WhiteTeamCountry "AUT"]
[BlackTeamCountry "CRO"]
[TimeControl "40/5400+30:1800+30"]

1. e4 c5 2. Nf3 d6 3. d4 cxd4 4. Nxd4 Nf6 5. Nc3 g6 6. Be3 Bg7 7. f3 O-O 8. Qd2 Nc6 9. Bc4 Bd7 10. O-O-O Rb8 11. h4 b5 12. Bb3 Na5 13. Bh6 Bxh6 14. Qxh6 e5 15. Nde2 b4 16. Nd5 Nxb3+ 17. cxb3 Nxd5 18. Rxd5 Rb6 19. h5 g5 20. f4 f6 21. fxg5 fxg5 22. Kb1 Qf6 23. Qxf6 Rxf6 24. Ng3 Rf2 25. Nf5 Bxf5 26. exf5 Rxf5 27. Rhd1 Rf6 28. Kc2 Kf7 29. Kd3 Ke6 30. Ke3 Rh6 31. g4 Rf6 32. Ra5 a6 33. Rc1 Rf4 34. Rc4 d5 35. Rc7 d4+ 36. Kd3 Rxg4 37. Rxh7 Rg3+ 38. Kd2 Kf5 39. Rf7+ Ke4 40. Re7 Rg2+ 41. Ke1 Rb5 42. Rxb5 axb5 43. a4 bxa4 44. bxa4 Rh2 45. a5 Rxh5 46. a6 Rh1+ 47. Kd2 Ra1 48. a7 g4 49. Rg7 g3 50. Rxg3 Rxa7 51. Rh3 Rg7 52. b3 Rg2+ 53. Kd1 d3 54. Rh4+ Ke3 55. Rh3+ Kd4 0-1

[Event "23rd ETCC Women 2021"]
[Site "Catez"]
[Date "2021.11.15"]
[Round "3.59"]
[White "Radikovic, Anamarija"]
[Black "Froewis, Annika"]
[Result "1/2-1/2"]
[ECO "E01"]
[WhiteElo "2124"]
[BlackElo "2079"]
[Annotator "ChessBase"]
[PlyCount "123"]
[EventDate "2021.11.08"]
[EventType "team-tourn"]
[EventCountry "SLO"]
[SourceTitle "playchess.com"]
[Source "ChessBase"]
[SourceQuality "1"]
[WhiteTeam "Croatia"]
[BlackTeam "Austria"]
[WhiteTeamCountry "CRO"]
[BlackTeamCountry "AUT"]
[TimeControl "40/5400+30:1800+30"]

1. d4 d5 2. c4 e6 3. Nf3 Nf6 4. g3 Bb4+ 5. Bd2 Bd6 6. Nc3 O-O 7. Qc2 Nbd7 8. cxd5 exd5 9. Nb5 Ne4 10. Nxd6 cxd6 11. Bg2 Re8 12. O-O Ndf6 13. Bg5 Bg4 14. Be3 Qd7 15. Rfc1 Rac8 16. Qd3 h6 17. Ne1 Bh3 18. f3 Ng5 19. Bxg5 hxg5 20. Bxh3 Qxh3 21. Ng2 Qe6 22. Rxc8 Rxc8 23. Ne3 Re8 24. Kf2 g4 25. Rc1 g6 26. Ng2 Kg7 27. Rc7 gxf3 28. exf3 Re7 29. Rxe7 Qxe7 30. Qb5 Qc7 31. Ne3 Qc1 32. Qb4 b6 33. Qc3 Qxc3 34. bxc3 b5 35. h4 Kf8 36. g4 Ke7 37. g5 Ne8 38. Nxd5+ Ke6 39. Ne3 d5 40. Kg3 Nd6 41. Nd1 a5 42. Nb2 Nf5+ 43. Kg4 Ne3+ 44. Kh3 a4 45. Nd3 Kf5 46. Ne5 Ke6 47. h5 gxh5 48. Kh4 f6 49. Nd3 Kf5 50. f4 fxg5+ 51. fxg5 Kg6 52. Ne5+ Kg7 53. Kxh5 Nd1 54. Ng4 Nxc3 55. Nh6 b4 56. Nf5+ Kg8 57. g6 Ne4 58. Kh6 Nf6 59. Kg5 Ne4+ 60. Kh6 Nf6 61. Kg5 Ne4+ 62. Kh6 1/2-1/2

[Event "23rd ETCC Women 2021"]
[Site "Catez"]
[Date "2021.11.15"]
[Round "3.60"]
[White "Mayrhuber, Nikola"]
[Black "Vujnovic, Patricija"]
[Result "1-0"]
[ECO "A68"]
[WhiteElo "2091"]
[BlackElo "2151"]
[Annotator "ChessBase"]
[PlyCount "55"]
[EventDate "2021.11.08"]
[EventType "team-tourn"]
[EventCountry "SLO"]
[SourceTitle "playchess.com"]
[Source "ChessBase"]
[SourceQuality "1"]
[WhiteTeam "Austria"]
[BlackTeam "Croatia"]
[WhiteTeamCountry "AUT"]
[BlackTeamCountry "CRO"]
[TimeControl "40/5400+30:1800+30"]

1. d4 Nf6 2. c4 e6 3. Nc3 c5 4. d5 exd5 5. cxd5 d6 6. e4 g6 7. f4 Bg7 8. Nf3 O-O 9. Be2 Na6 10. O-O Nc7 11. e5 Nfe8
12. Bc4 Rb8 13. a4 Bg4 14. Qe1 Qe7 15. Ng5 h6 16. Qg3 hxg5 17.
Qxg4 dxe5 18. f5 Nd6 19. fxg6 fxg6 20. Bxg5 Qe8 21. Rxf8+ Bxf8 22. Ne4 Qc8 23. Nf6+ Kf7 24. Nd7 Bg7 25. Rf1+ Ke8 26. Bd3 e4 27. Bxe4 Bd4+ 28. Kh1 1-0

[Event "23rd ETCC Women 2021"]
[Site "Catez"]
[Date "2021.11.15"]
[Round "4.1"]
[White "Dzagnidze, Nana"]
[Black "Goryachkina, Aleksandra"]
[Result "1/2-1/2"]
[ECO "D31"]
[WhiteElo "2524"]
[BlackElo "2604"]
[Annotator "ChessBase"]
[PlyCount "61"]
[EventDate "2021.11.08"]
[EventType "team-tourn"]
[EventCountry "SLO"]
[SourceTitle "playchess.com"]
[Source "ChessBase"]
[SourceQuality "1"]
[WhiteTeam "Georgia"]
[BlackTeam "Russia"]
[WhiteTeamCountry "GEO"]
[BlackTeamCountry "RUS"]
[TimeControl "40/5400+30:1800+30"]

1. c4 c6 2. Nc3 d5 3. d4 Nf6 4. e3 e6 5. b3 Bb4 6. Bd2 O-O 7. Qc2 Nbd7 8. a3 Be7 9. Nf3 b6 10. cxd5 cxd5 11. Bd3 Bb7 12. O-O Rc8 13. Rfc1 Ne4 14. Be1 Bd6 15. Qe2 Nxc3 16. Bxc3 Qe7 17. a4 a5 18. Rc2 Nf6 19. Rac1 Rc7 20. Be1 Rfc8 21. Rxc7 Rxc7 22. Rc2 Ne4 23. Qd1 f6 24. Qc1 Kf7 25. Nd2 Nxd2 26. Bxd2 g6 27. Rxc7 Qxc7 28. Qxc7+ Bxc7 29. f4 Bd6 30. Kf2 Bc6 31. Bc3 1/2-1/2

[Event "23rd ETCC Women 2021"]
[Site "Catez"]
[Date "2021.11.15"]
[Round "4.2"]
[White "Lagno, Kateryna"]
[Black "Javakhishvili, Lela"]
[Result "1/2-1/2"]
[ECO "B49"]
[WhiteElo "2550"]
[BlackElo "2446"]
[Annotator "ChessBase"]
[PlyCount "61"]
[EventDate "2021.11.08"]
[EventType "team-tourn"]
[EventCountry "SLO"]
[SourceTitle "playchess.com"]
[Source "ChessBase"]
[SourceQuality "1"]
[WhiteTeam "Russia"]
[BlackTeam "Georgia"]
[WhiteTeamCountry "RUS"]
[BlackTeamCountry "GEO"]
[TimeControl "40/5400+30:1800+30"]

1. e4 c5 2. Nf3 e6 3. d4 cxd4 4. Nxd4 Nc6 5. Nc3 Qc7 6. Be3 a6 7. a3 b5 8. Nxc6 Qxc6 9. Be2 Bb7 10. O-O Qc7 11. Qd2 Nf6 12. Bf3 Bd6 13.
h3 Be5 14. Bd4 O-O 15. Rfd1 Bxd4 16. Qxd4 Rfd8 17. Rd3 e5 18. Qe3 Bc6 19. Rad1 Qb7 20. Qc5 Re8 21. Rd6 Qa7 22. Qb4 a5 23. Qb3 Rab8 24. Ne2 Re6 25. Ng3 Qc5 26. R6d2 g6 27. c3 Ree8 28. Rd6 Re6 29. R6d2 Ree8 30. Rd6 Re6 31. R6d2 1/2-1/2

[Event "23rd ETCC Women 2021"]
[Site "Catez"]
[Date "2021.11.15"]
[Round "4.3"]
[White "Arabidze, Meri"]
[Black "Gunina, Valentina"]
[Result "0-1"]
[ECO "D10"]
[WhiteElo "2441"]
[BlackElo "2480"]
[Annotator "ChessBase"]
[PlyCount "130"]
[EventDate "2021.11.08"]
[EventType "team-tourn"]
[EventCountry "SLO"]
[SourceTitle "playchess.com"]
[Source "ChessBase"]
[SourceQuality "1"]
[WhiteTeam "Georgia"]
[BlackTeam "Russia"]
[WhiteTeamCountry "GEO"]
[BlackTeamCountry "RUS"]
[TimeControl "40/5400+30:1800+30"]

1. d4 d5 2. c4 c6 3. Nc3 Nf6 4. e3 Bf5 5. cxd5 cxd5 6. Qb3 Nc6 7. Qxb7 Bd7 8. Qb3 Rb8 9. Qd1 e5 10. Nf3 Bd6 11. dxe5 Nxe5 12. Be2 Nxf3+ 13. Bxf3 Qc7 14. h3 O-O 15. O-O Rfd8 16. a4 Bh2+ 17. Kh1 Be5 18. Qe2 Be6 19. Rd1 Rb4 20. Nb5 Qd7 21. Nd4 Bxh3 22. Kg1 Bg4 23. a5 Bc7 24. b3 Rbb8 25. Bb2 Re8 26. Rdc1 h5 27. Rc6 Be5 28. Rac1 Ne4 29. R6c2 Rb7 30. Qd1 Ng5 31. Bxg4 hxg4 32. Ne2 Bxb2 33. Rxb2 Ne4 34. Nc3 g3 35. Nxe4 Rxe4 36. fxg3 Rxe3 37. Rbc2 Rb8 38. Rc3 Qe6 39. Qd4 Rxc3 40. Qxc3 Qg4 41. Qd3 d4 42. Rd1 Re8 43. Qf3 Qd7 44. b4 Rb8 45. Qb3 Qd6 46. Rf1 Rb7 47. Qc4 Rc7 48. Qb5 g6 49. Rf3 Kg7 50. Qg5 Rc4 51. b5 d3 52. Qd2 Qc5+ 53.
Kh2 Rc1 54. g4 Qg1+ 55. Kh3 Rc2 56. Qxd3 Qh1+ 57. Kg3 Rxg2+ 58. Kf4 Qh2+ 59. Ke4 Rxg4+ 60. Kd5 Qb8 61. Kc6 Qc8+ 62. Kd6 Rc4 63. Rxf7+ Kxf7 64. Qd5+ Kf8 65. Qf3+ Kg7 0-1